[Event "58th Akiba Rubinstein D 2022"]
[Site "Polanica-Zdroj"]
[Date "2022.08.17"]
[Round "5.29"]
[White "Wilgosz, Jan"]
[Black "Grudzinski, Krzysztof"]
[Result "1-0"]
[ECO "B46"]
[WhiteElo "1597"]
[BlackElo "1520"]
[Annotator "NA RC"]
[PlyCount "67"]
[EventDate "2022.08.13"]
[EventCountry "POL"]
[SourceTitle "playchess.com"]
[Source "ChessBase"]
[SourceQuality "1"]
[TimeControl "40/5400+30:1800+30"]

1. e4 c5 2. Nc3 Nc6 3. Nf3 e6 4. d4 cxd4 5. Nxd4 a6 6. Be2 Qc7 7. O-O Nf6 8. Be3 Be7 9. f4 d6 10. Kh1 O-O 11. a4 Bd7 12. Nb3 Na5 13. Nxa5 Qxa5 14. Bf3 Bc6 15. g4 Qb4 16. Qd4 Qxd4 17. Bxd4 Nd7 18. Be3 Rfc8 19. g5 b6 20. h4 Bb7 21. Rad1 Rc7 22. f5 Nc5 23. Bg2 Bf8 24. Bf4 e5 25. Be3 Rac8 26. Rf2 Ba8 27. Rdf1 Nd7 28. f6 Nc5 29. h5 Ne6 30. Bh3 Rxc3 31. bxc3 Bxe4+ 32. Kh2 Rxc3 33. Bxe6 Rxe3 34. fxg7 1-0

[Event "58th Akiba Rubinstein D 2022"]
[Site "Polanica-Zdroj"]
[Date "2022.08.17"]
[Round "5.30"]
[White "Soszka, Szymon"]
[Black "Wolska, Marta"]
[Result "1-0"]
[ECO "E70"]
[WhiteElo "1355"]
[BlackElo "1588"]
[Annotator "NA RC"]
[PlyCount "71"]
[EventDate "2022.08.13"]
[EventCountry "POL"]
[SourceTitle "playchess.com"]
[Source "ChessBase"]
[SourceQuality "1"]
[TimeControl "40/5400+30:1800+30"]

1. d4 Nf6 2. c4 g6 3. Nc3 Bg7 4. e4 d6 5. Bg5 Nbd7 6. Bd3 O-O 7. Nge2 e5 8. d5 Rb8 9. O-O a6 10. a4 Qe8 11. Qd2 Nc5 12. Bc2 Nh5 13. b4 Nd7 14. g4 Nhf6 15. h3 h5 16. f3 Kh7 17. Ng3 Rh8 18. gxh5 Nxh5 19. Nxh5 gxh5 20. Kh2 f6 21. Be3 Nb6 22. Bb3 Qd7 23. Qg2 Bh6 24. Rg1 Qf7 25. Bxh6 Kxh6 26. Qd2+ Kh7 27. f4 f5 28. fxe5 dxe5 29. c5 Na8 30. Rg5 Bd7 31. Qe2 Kh6 32. d6 Qe8 33. Rag1 f4 34. Bd1 Bg4 35. R1xg4 hxg4 36. Qxg4 1-0

[Event "58th Akiba Rubinstein D 2022"]
[Site "Polanica-Zdroj"]
[Date "2022.08.18"]
[Round "6.1"]
[White "Gibala, Adam"]
[Black "Lewandrowski, Tomasz"]
[Result "1/2-1/2"]
[ECO "B32"]
[WhiteElo "1549"]
[BlackElo "1902"]
[Annotator "TA"]
[PlyCount "68"]
[EventDate "2022.08.13"]
[EventCountry "POL"]
[SourceTitle "playchess.com"]
[Source "ChessBase"]
[SourceQuality "1"]
[TimeControl "40/5400+30:1800+30"]

1. e4 c5 2. Nf3 Nc6 3. d4 cxd4 4. Nxd4 e5 5. Nb5 d6 6. N1c3 a6 7. Na3 Be7 8. Nc4 b5 {[%emt 0:00:19] B32: Sicilian: Löwenthal and Kalashnikov Variations.} 9. Ne3 ({But not} 9. Qd5 Bb7 10. Ne3 Nf6 $11) 9... Nf6 10. Ned5 O-O 11. Nxf6+ Bxf6 12. g3 Be6 13. Bg2 Rc8 (13... b4 $5 14. Nd5 Bxd5 15. exd5 Nd4 $11) 14. Nd5 {[%emt 0:00:16] [#]} b4 $146 ({Predecessor:} 14... Bg5 15. O-O Bxc1 16. Rxc1 Bxd5 17. exd5 Ne7 18. Qe2 Rc5 19. Rcd1 Qb6 20. Kh1 Rc7 {½-½ (73) Kiolbasa,O (2255)-Leniart,A (2499) Suwalki 2021}) 15. Be3 Bxd5 (15... Bg5 $15) 16. exd5 $11 Nd4 17. Bxd4 exd4 18. O-O Re8 {[%emt 0:07:03] Inhibits Be4.} (18... d3 $15 19. Qxd3 Bxb2) 19. Qd3 {[%emt 0:01:53] The position is equal.} a5 20. Rfe1 g6 21. Kf1 Kg7 22. Be4 Rc7 23. Re2 Rce7 24. Rae1 Qb6 (24... Qd7 {looks sharper.} 25. h4 h5 26. Qa6 a4) 25. Kg2 Qc5 26. f4 a4 27. h4 a3 28. b3 Qc3 29. Qxc3 dxc3 30. Bd3 Rxe2+ 31. Rxe2 Rxe2+ 32. Bxe2 h5 33. Kf3 Bd4 34. Bd3 f5 {[%emt 0:00:20] Weighted Error Value: White=0.07 (flawless) /Black=0.10 (very precise)} 1/2-1/2

[Event "58th Akiba Rubinstein D 2022"]
[Site "Polanica-Zdroj"]
[Date "2022.08.18"]
[Round "6.2"]
[White "Meizlin, Yaacov"]
[Black "Wilgosz, Szczepan"]
[Result "1-0"]
[ECO "A22"]
[WhiteElo "1938"]
[BlackElo "1530"]
[Annotator "RC"]
[PlyCount "115"]
[EventDate "2022.08.13"]
[EventCountry "POL"]
[SourceTitle "playchess.com"]
[Source "ChessBase"]
[SourceQuality "1"]
[TimeControl "40/5400+30:1800+30"]

1. c4 e5 2. Nc3 Nf6 3. g3 Bb4 4. Bg2 O-O 5. Nf3 Re8 6. Nd5 Nxd5 7. cxd5 d6 8. O-O c6 9. dxc6 Nxc6 10. d4 e4 11. Ne1 Bxe1 12. Rxe1 d5 13. Be3 Bf5 14. Qd2 Rc8 15. Rac1 Qb6 16. Rc5 Ne7 17. Rec1 Qe6 18. Qb4 b6 19. Rc7 Rxc7 20. Rxc7 Nc6 21. Qb5 Na5 22. Rxa7 Bg4 23. h3 Bh5 24. g4 Bg6 25. Bf4 Rc8 26. Qd7 Nc6 27. Qxe6 fxe6 28. Rc7 Rxc7 29. Bxc7 Nxd4 30. Bxb6 Nxe2+ 31. Kh2 Nc1 32. a4 Be8 33. a5 Bb5 34. f3 Bd3 35. fxe4 dxe4 36. Kg3 e5 37. Kf2 Kf7 38. Ke3 Nb3 39. Bxe4 Bc4 40. h4 h6 41. Bc2 Na1 42. Ba4 Ke6 43. b4 Kd6 44. b5 Kd7 45. a6 Kc8 46. Ke4 Be2 47. Kxe5 Bd3 48. Bd4 Nc2 49. Bxc2 Bxc2 50. Kd6 g6 51. Kc5 Bd3 52. Be5 h5 53. g5 Be2 54. Kb6 Bf3 55. Ka7 Kd7 56. b6 Ke6 57. Bf6 Kf5 58. b7 1-0

[Event "58th Akiba Rubinstein D 2022"]
[Site "Polanica-Zdroj"]
[Date "2022.08.18"]
[Round "6.3"]
[White "Kraczek, Cezary"]
[Black "Penza, Denis"]
[Result "1-0"]
[ECO "C08"]
[WhiteElo "1657"]
[BlackElo "1836"]
[Annotator "NA RC"]
[PlyCount "110"]
[EventDate "2022.08.13"]
[EventCountry "POL"]
[SourceTitle "playchess.com"]
[Source "ChessBase"]
[SourceQuality "1"]
[TimeControl "40/5400+30:1800+30"]

1. e4 e6 2. d4 d5 3. Nd2 c5 4. exd5 exd5 5. Bb5+ Nc6 6. Qe2+ Be7 7. dxc5 Nf6 8. Ngf3 O-O 9. Bxc6 bxc6 10. O-O Bxc5 11. Nb3 Re8 12. Qd3 Bb6 $17 13. Bg5 Bg4 14. Rfe1 Qd6 15. Rad1 Bh5 16. Nbd4 Bg6 17. Qd2 Re4 18. Rxe4 Nxe4 19. Qf4 Qb4 20. Nxc6 Qxb2 21. Ne7+ Kh8 22. Nxg6+ fxg6 23. Rf1 Qxc2 24. Bh4 Qxa2 25. Ne5 Qa3 26. Qf7 Qd6 27. Qb7 Rf8 28. Nf7+ Rxf7 29. Qxf7 h6 30. Rd1 Nc3 31. Re1 Ne4 32. Rc1 g5 33. Rc8+ Kh7 34. Qf5+ Qg6 35. Rh8+ Kxh8 36. Qxg6 gxh4 37. Qh5 Nxf2 38. Kf1 h3 39. gxh3 Ne4 40. Qxd5 Nf6 41. Qa8+ Kh7 42. Kg2 Kg6 43. Kf3 h5 44. Qb7 Kh6 45. h4 Kg6 46. h3 Kh6 47. Qc8 Kg6 48. Qc2+ Kf7 49. Kf4 Nd5+ 50. Ke5 Nf6 51. Qb3+ Kg6 52. Ke6 Kh6 53. Kf7 Ne4 54. Qe6+ Nf6 55. Qf5 Ng8 1-0

[Event "58th Akiba Rubinstein D 2022"]
[Site "Polanica-Zdroj"]
[Date "2022.08.18"]
[Round "6.4"]
[White "Jasiulewicz, Dawid"]
[Black "Liskiewicz, Jakub"]
[Result "1-0"]
[ECO "D37"]
[WhiteElo "1525"]
[BlackElo "1910"]
[Annotator "NA RC"]
[PlyCount "93"]
[EventDate "2022.08.13"]
[EventCountry "POL"]
[SourceTitle "playchess.com"]
[Source "ChessBase"]
[SourceQuality "1"]
[TimeControl "40/5400+30:1800+30"]

1. d4 Nf6 2. Nf3 d5 3. c4 e6 4. Nc3 Be7 5. e3 O-O 6. Bd3 c6 7. O-O Nbd7 8. e4 dxe4 9. Nxe4 Nxe4 10. Bxe4 Nf6 11. Bc2 c5 12. Qd3 h6 13. Bf4 Qb6 14. Rad1 Rd8 (14... Qxb2 $2 15. Rb1 Qxa2 16. Ra1 $18) 15. Rfe1 ({But not} 15. dxc5 $6 Rxd3 16. cxb6 Rxd1 17. Rxd1 axb6 $14) 15... cxd4 16. b3 Bd7 17. Ne5 ({Much weaker is} 17. Qxd4 Bc5 18. Qd2 Bb4 $15) 17... Be8 18. Ng4 h5 19. Nxf6+ Bxf6 20. Qh7+ Kf8 21. Qxh5 Rac8 22. h4 Rc5 23. Qh7 Bc6 $18 (23... Ke7 $142 24. g4 d3) 24. h5 Ke7 25. Rd3 Bg5 26. Bg3 Qa5 27. Rdd1 Bf6 28. Bf4 Rxh5 29. Bd2 Qe5 30. Bb4+ Kd7 31. Rxd4+ Qxd4 32. Qxh5 g6 33. Qh7 Kc8 34. Qxf7 Rh8 35. Qxe6+ Bd7 36. Qe4 Qb6 37. c5 Qc7 38. Re3 Qh2+ 39. Kf1 Rh4 40. Qxg6 Bd8 41. Be4 Bb5+ 42. Ke1 Qg1+ 43. Kd2 Qxf2+ 44. Kd1 Qxe3 45. Qe6+ Kb8 46. Qd6+ Kc8 47. Bf5+ 1-0

[Event "58th Akiba Rubinstein D 2022"]
[Site "Polanica-Zdroj"]
[Date "2022.08.18"]
[Round "6.5"]
[White "Galuszka, Kamil"]
[Black "Grzebieniowski, Michal"]
[Result "1-0"]
[ECO "B13"]
[WhiteElo "1976"]
[BlackElo "1710"]
[Annotator "TA"]
[PlyCount "69"]
[EventDate "2022.08.13"]
[EventCountry "POL"]
[SourceTitle "playchess.com"]
[Source "ChessBase"]
[SourceQuality "1"]
[TimeControl "40/5400+30:1800+30"]

1. e4 c6 2. d4 d5 3. exd5 cxd5 4. Bd3 g6 5. Ne2 Nc6 6. c3 Nf6 7. O-O {[%emt 0:01:34] B13: Caro-Kann: Exchange Variation and Panov-Botvinnik Attack.} Bg7 8. Re1 O-O 9. Nd2 {[%emt 0:01:11] [#] The position is equal.} Bf5 $146 (9... e5 $11) ({Predecessor:} 9... Re8 10. Nf4 Qd6 11. Nf3 Bg4 12. h3 Bxf3 13. Qxf3 e5 14. dxe5 Nxe5 15. Qd1 Nxd3 16. Nxd3 Rxe1+ 17. Nxe1 {½-½ (36) Jacek,M (2180)-Hosek,M (2265) Czech Republic 2001}) 10. Bxf5 $14 gxf5 11. Ng3 e6 12. Nh5 Nxh5 13. Qxh5 Qf6 14. Nf1 (14. Nb3) 14... Kh8 15. Re3 Rg8 16. Rg3 Bf8 (16... Rae8 $14) 17. Bg5 $1 $16 ({Reject} 17. Rh3 $6 Qg6 18. Qxg6 Rxg6 $11) 17... Qg6 18. Qh4 {[%emt 0:09:16] Strongly threatening Bf6+.} Bg7 {[%emt 0:00:27] Inhibits Bf6.} 19. Re1 $1 f6 $2 (19... a6 20. a3 a5) 20. Bf4 $2 (20. Bd2 $18 Qe8 21. Rh3) 20... Qf7 {[%emt 0:00:47] [#]} 21. Rh3 $1 {[%emt 0:05:02][%csl Gh3][%cal Rh4h7] White is more active.} Bf8 22. f3 {[%emt 0:06:43] Prevents Rg4.} (22. Rxe6 Rg4 23. Qxf6+ (23. Rxf6 Qg7) 23... Qxf6 24. Rxf6 Rxf4) (22. Qh5 Qxh5 23. Rxh5) ({Much less strong is} 22. Rxe6 Rg4 23. Qxf6+ (23. Rxf6 Qg7 $17) 23... Qxf6 24. Rxf6 Rxf4 $14) ({Better is} 22. Ng3) 22... Re8 23. Ng3 Re7 (23... e5) (23... e5 $16 {is a better defense.}) 24. Nh5 $40 {[%emt 0:05:58][%mdl 128] White attacks with force.} Rg6 {[%emt 0:01:22] [#]} 25. Bd6 Re8 (25... Rh6 {was necessary.} 26. Bxe7 Bxe7) 26. Bxf8 $18 Rxf8 27. Nf4 $1 Rgg8 28. Rxe6 Qg7 29. Rg3 Qf7 30. Rxg8+ Kxg8 31. Qe1 Rd8 32. b4 a6 33. a4 Qc7 34. Qg3+ (34. Re8+ $142 Kg7 35. Qg3+ Kh6 36. Qh4+ Kg7 37. Ne6+ Kg6 38. Nf8+ Kf7 39. Qh5+ Kg8 40. Ne6+ Rxe8 41. Qxe8#) 34... Kf7 {[%emt 0:00:37] [#]} 35. Rxf6+ $3 {[%emt 0:00:09][%mdl 512] Weighted Error Value: White=0.14 (very precise) /Black=0.65} 1-0

[Event "58th Akiba Rubinstein D 2022"]
[Site "Polanica-Zdroj"]
[Date "2022.08.18"]
[Round "6.6"]
[White "Bialik, Nikodem"]
[Black "Zerebiec, Maurycy"]
[Result "0-1"]
[ECO "C01"]
[WhiteElo "1638"]
[BlackElo "1915"]
[Annotator "NA RC"]
[PlyCount "130"]
[EventDate "2022.08.13"]
[EventCountry "POL"]
[SourceTitle "playchess.com"]
[Source "ChessBase"]
[SourceQuality "1"]
[TimeControl "40/5400+30:1800+30"]

1. e4 e6 2. d4 d5 3. exd5 exd5 4. c4 Nf6 5. Nf3 Bb4+ 6. Bd2 Qe7+ 7. Qe2 Bxd2+ 8. Nbxd2 Be6 9. c5 O-O 10. Ne5 Nc6 11. Ndf3 Nxe5 12. Nxe5 Rfe8 13. O-O-O Bf5 (13... Ne4 $17 14. Qe3 f6) 14. f3 Nd7 15. Nxd7 Qxe2 16. Bxe2 Rxe2 17. Ne5 Rxg2 18. Rd2 Rxd2 19. Kxd2 f6 20. Nd3 Bxd3 21. Kxd3 Re8 22. b4 f5 23. f4 Re4 24. Rf1 Kf7 25. b5 h6 26. a4 Kf6 27. h4 g6 28. b6 axb6 29. cxb6 cxb6 30. Rb1 Re6 31. Rb5 Rd6 32. Rb1 g5 33. hxg5+ hxg5 34. fxg5+ Kxg5 35. Rg1+ Kf6 36. Rh1 Kg6 $2 (36... Re6 $19 37. Kd2 Kg6 38. Rg1+ Kf7) 37. Rg1+ Kf7 38. Rc1 Rc6 39. Rh1 {[%emt 0:00:07] [#]} Rg6 $2 (39... Re6 $1 $19 40. Rf1 Kf6) 40. Rh7+ Rg7 41. Rh6 Rg3+ 42. Kd2 {[%emt 0:00:28] [#]} Rb3 $1 43. Rd6 b5 44. a5 $1 f4 45. Rxd5 Ke6 46. Re5+ Kd6 47. Rf5 f3 48. Ke1 Kc6 49. Rc5+ Kd6 50. Rf5 b4 51. Kf2 Kc7 52. Rb5 Kc6 53. Rc5+ $1 Kd6 54. Rb5 Kc7 55. Kg3 Kb8 56. a6 b6 57. Rxb6+ Ka7 58. Re6 Rd3 59. d5 b3 60. d6 b2 61. Re1 Rxd6 62. Kxf3 Kxa6 63. Rb1 Rb6 64. Ke3 Ka5 65. Kd3 Ka4 0-1

[Event "58th Akiba Rubinstein D 2022"]
[Site "Polanica-Zdroj"]
[Date "2022.08.18"]
[Round "6.7"]
[White "Bem, Tymoteusz"]
[Black "Owoc, Jakub"]
[Result "1-0"]
[ECO "A41"]
[WhiteElo "1679"]
[BlackElo "1756"]
[Annotator "NA RC"]
[PlyCount "85"]
[EventDate "2022.08.13"]
[EventCountry "POL"]
[SourceTitle "playchess.com"]
[Source "ChessBase"]
[SourceQuality "1"]
[TimeControl "40/5400+30:1800+30"]

1. d4 d6 2. Nf3 Nf6 3. g3 g6 4. Bg2 Bg7 5. O-O O-O 6. b3 Nbd7 7. Bb2 c6 8. Nbd2 Qc7 9. c4 Re8 10. e4 e5 11. dxe5 Nxe5 12. Nxe5 dxe5 13. Qc2 c5 14. Nb1 Be6 15. Nc3 Rad8 16. Nd5 Nxd5 17. cxd5 Bc8 18. Rac1 b6 19. Qd2 f5 20. b4 c4 21. b5 Qc5 22. a4 fxe4 23. Qe2 Qxd5 24. Bxe4 Qd2 25. Qxc4+ Be6 26. Qc3 Qd4 27. Qc2 Qb4 28. Bc3 Qc5 29. Qb2 Qc4 30. Bc6 Re7 31. Bb4 Qg4 32. Bxe7 e4 33. Bf6 Qf3 34. Bxg7 Bh3 35. Bxe4 Qxe4 36. f3 Qe3+ 37. Qf2 Qd3 38. Bc3 Bxf1 39. Qxf1 Qe3+ 40. Kg2 Rc8 41. Bb2 Re8 42. Qc4+ Re6 43. Bc3 1-0

[Event "58th Akiba Rubinstein D 2022"]
[Site "Polanica-Zdroj"]
[Date "2022.08.18"]
[Round "6.8"]
[White "Gbiorczyk, Mikolaj"]
[Black "Stepinski, Piotr"]
[Result "1/2-1/2"]
[ECO "B40"]
[WhiteElo "1781"]
[BlackElo "1568"]
[Annotator "NA RC"]
[PlyCount "117"]
[EventDate "2022.08.13"]
[EventCountry "POL"]
[SourceTitle "playchess.com"]
[Source "ChessBase"]
[SourceQuality "1"]
[TimeControl "40/5400+30:1800+30"]

1. e4 c5 2. Nf3 e6 3. g3 Nc6 4. Bg2 Nf6 5. Qe2 Qc7 6. O-O d6 7. c3 Be7 8. d4 cxd4 9. cxd4 O-O 10. Nc3 a6 11. Bd2 Qb6 12. d5 Nd4 13. Nxd4 Qxd4 14. Rad1 e5 15. Be3 Qb4 16. h3 Nd7 17. f4 Qa5 18. Kh1 b5 19. a3 Bb7 20. f5 Rac8 21. g4 Qd8 22. Qd2 h6 23. Rf3 Bg5 24. Rdf1 Bxe3 25. Qxe3 Qb6 26. Qe1 f6 27. h4 Kf7 28. Qg3 a5 29. R1f2 b4 30. axb4 axb4 31. Na4 Qa5 32. b3 Nc5 33. Nxc5 Rxc5 34. g5 hxg5 35. hxg5 Rh8+ 36. Bh3 Rc1+ 37. Kh2 Qa1 38. Qg2 fxg5 39. Rg3 g4 40. f6 g6 41. Rxg4 Rxh3+ 42. Kxh3 Rh1+ 43. Kg3 Rg1 44. Rh4 Qc3+ 45. Kh2 Rxg2+ 46. Kxg2 Qc8 47. Rh7+ Kg8 48. f7+ Kxh7 49. f8=Q Qg4+ 50. Kh1 Qxe4+ 51. Kg1 Qg4+ 52. Rg2 Qd1+ 53. Kh2 Qh5+ 54. Kg1 Qd1+ 55. Kh2 Qh5+ 56. Kg1 Qd1+ 57. Kh2 Bxd5 58. Qe7+ Kh6 59. Qf8+ 1/2-1/2

[Event "58th Akiba Rubinstein D 2022"]
[Site "Polanica-Zdroj"]
[Date "2022.08.18"]
[Round "6.9"]
[White "Mareau, Timothe"]
[Black "Szczepanski, Krzysztof"]
[Result "1-0"]
[ECO "B21"]
[WhiteElo "1590"]
[BlackElo "1790"]
[Annotator "NA RC"]
[PlyCount "33"]
[EventDate "2022.08.13"]
[EventCountry "POL"]
[SourceTitle "playchess.com"]
[Source "ChessBase"]
[SourceQuality "1"]
[TimeControl "40/5400+30:1800+30"]

1. e4 c5 2. d4 cxd4 3. c3 dxc3 4. Nxc3 e6 5. Bc4 Nc6 6. Nf3 Qc7 7. O-O Nge7 8. Nb5 Qb8 9. Nd6+ Kd8 10. Nxf7+ Ke8 11. Nxh8 g6 12. Ng5 Ne5 13. Bf4 Bg7 14. Nhf7 d6 15. Nxd6+ Kf8 16. Bxe6 Bxe6 17. Nxe6+ 1-0

[Event "58th Akiba Rubinstein D 2022"]
[Site "Polanica-Zdroj"]
[Date "2022.08.18"]
[Round "6.10"]
[White "Sleczka, Krzysztof"]
[Black "Kryzia, Wiktor"]
[Result "0-1"]
[ECO "B35"]
[WhiteElo "1443"]
[BlackElo "1764"]
[Annotator "NA RC"]
[PlyCount "92"]
[EventDate "2022.08.13"]
[EventCountry "POL"]
[SourceTitle "playchess.com"]
[Source "ChessBase"]
[SourceQuality "1"]
[TimeControl "40/5400+30:1800+30"]

1. e4 c5 2. Nf3 Nc6 3. d4 cxd4 4. Nxd4 g6 5. Nc3 Bg7 6. Be3 Nf6 7. Bc4 O-O 8. Bb3 d6 9. f3 Bd7 10. Qd2 Na5 11. O-O-O Nxb3+ 12. cxb3 Qa5 13. Kb1 Rfc8 14. g4 h5 15. gxh5 Nxh5 16. Bh6 Qe5 17. Bxg7 Kxg7 18. Rdg1 f6 19. h4 b5 20. Nce2 a5 21. Rg2 Kh7 22. Rhg1 Rg8 23. Ng3 Nf4 24. Rh2 Nh3 25. Rgg2 Nf4 26. Rf2 d5 27. exd5 Nxd5 28. h5 g5 29. Qd3+ Kh8 30. Nge2 Nb4 31. Qd2 Bf5+ 32. Kc1 Nd3+ 33. Kd1 Nxf2+ 34. Rxf2 Rgd8 35. Ke1 Rac8 36. Kf1 Rc2 37. Qd1 Bh3+ 38. Kg1 Rxe2 39. Qxe2 Qg3+ 40. Kh1 Rxd4 41. Rh2 Rh4 42. a4 Bf1 43. Qd2 Qxf3+ 44. Kg1 Rg4+ 45. Rg2 Rxg2+ 46. Qxg2 Qxg2# 0-1

[Event "58th Akiba Rubinstein D 2022"]
[Site "Polanica-Zdroj"]
[Date "2022.08.18"]
[Round "6.12"]
[White "Misiek, Stanislaw"]
[Black "Straszewski, Tomasz"]
[Result "0-1"]
[ECO "E80"]
[WhiteElo "1427"]
[BlackElo "1716"]
[Annotator "NA RC"]
[PlyCount "92"]
[EventDate "2022.08.13"]
[EventCountry "POL"]
[SourceTitle "playchess.com"]
[Source "ChessBase"]
[SourceQuality "1"]
[TimeControl "40/5400+30:1800+30"]

1. d4 Nf6 2. c4 g6 3. f3 Bg7 4. e4 d6 5. Nc3 c6 6. Be3 a6 7. Nge2 b5 8. Nc1 Nbd7 9. Qd2 Rb8 10. Be2 O-O 11. O-O e5 12. dxe5 Nxe5 13. Rd1 Ne8 14. c5 b4 15. Nb1 f5 16. f4 Ng4 17. Bxg4 fxg4 18. cxd6 Nf6 19. e5 Nd5 20. Nd3 Bf5 21. g3 g5 22. Rc1 Kh8 23. Nf2 Qd7 24. a3 Nxe3 25. Qxe3 gxf4 26. gxf4 Bh6 27. axb4 Bxb1 28. Rcxb1 Bxf4 29. Qd4 Qg7 30. Nd3 Bg5 31. Rxa6 Rf3 32. Re1 g3 33. h4 Bxh4 34. Qxh4 Rxd3 35. Rxc6 Rf8 36. Rc7 Qg6 37. Qe7 Rdf3 38. Qh4 g2 39. Qxh7+ Qxh7 40. Rxh7+ Kxh7 41. Kxg2 R3f5 42. Re3 Rg8+ 43. Kh2 Rh5+ 44. Rh3 Kg6 45. Rxh5 Kxh5 46. e6 Kg6 0-1

[Event "58th Akiba Rubinstein D 2022"]
[Site "Polanica-Zdroj"]
[Date "2022.08.18"]
[Round "6.13"]
[White "Sola, Wojciech"]
[Black "Marek, Grzegorz"]
[Result "1/2-1/2"]
[ECO "A50"]
[WhiteElo "1780"]
[BlackElo "1478"]
[Annotator "NA RC"]
[PlyCount "59"]
[EventDate "2022.08.13"]
[EventCountry "POL"]
[SourceTitle "playchess.com"]
[Source "ChessBase"]
[SourceQuality "1"]
[TimeControl "40/5400+30:1800+30"]

1. c4 b6 2. d4 Nf6 3. Nc3 Bb7 4. Nf3 e6 5. Bg5 Be7 6. e3 d6 7. Bd3 h6 8. Bh4 g5 9. Bg3 g4 10. Nh4 Rg8 11. h3 Nh5 12. hxg4 Nxg3 13. fxg3 Nd7 14. Be4 Bxe4 15. Nxe4 Bg5 16. Qf3 Qc8 17. O-O Rg7 18. Kh2 Rb8 19. Rf2 Qb7 20. Re1 Ke7 21. b3 Qa8 22. Nc3 Nf6 23. Rff1 Bxh4 24. gxh4 Nxg4+ 25. Kh3 Qxf3+ 26. gxf3 Nf6 27. Rg1 Rbg8 28. Rxg7 Rxg7 29. Kh2 a6 30. Ne4 1/2-1/2

[Event "58th Akiba Rubinstein D 2022"]
[Site "Polanica-Zdroj"]
[Date "2022.08.18"]
[Round "6.14"]
[White "Ugorek, Kacper"]
[Black "Wilgosz, Jan"]
[Result "0-1"]
[ECO "E92"]
[WhiteElo "1747"]
[BlackElo "1597"]
[Annotator "NA RC"]
[PlyCount "142"]
[EventDate "2022.08.13"]
[EventCountry "POL"]
[SourceTitle "playchess.com"]
[Source "ChessBase"]
[SourceQuality "1"]
[TimeControl "40/5400+30:1800+30"]

1. d4 Nf6 2. c4 g6 3. Nc3 Bg7 4. e4 d6 5. Nf3 O-O 6. Be2 e5 7. Be3 Nc6 8. d5 Ne7 9. Nd2 Ne8 10. b4 f5 11. f3 Nf6 12. c5 f4 13. Bf2 g5 14. Nc4 a6 15. cxd6 cxd6 16. Nb6 Rb8 17. Nxc8 Rxc8 18. Rc1 Ng6 19. O-O h5 20. Na4 g4 21. Qd2 Qe7 22. Rxc8 Rxc8 23. Rc1 Qd8 24. Rxc8 Qxc8 25. Qc3 Qd8 26. b5 axb5 27. Bxb5 Nh7 28. Bb6 Qg5 29. Kh1 Qh4 30. Bd7 Bf6 31. fxg4 hxg4 32. g3 Qg5 33. Qc8+ Kg7 34. Bxg4 fxg3 35. hxg3 Ne7 36. Qd7 Nf8 37. Qxd6 Qxg4 38. Qb4 Qh3+ 39. Kg1 Qxg3+ 40. Kf1 Neg6 41. Bc5 Qf3+ 42. Ke1 Bh4+ 43. Kd2 Bg5+ 44. Kc2 Nd7 45. Qxb7 Qxe4+ 46. Kb3 Qd3+ 47. Nc3 Qh3 48. a4 Kh6 49. Bb4 Bd2 50. Qb5 Nf4 51. a5 Nd3 52. Qc6+ Kh5 53. a6 N3c5+ 54. Kc2 Qd3+ 55. Kb2 Bxc3+ 56. Bxc3 Qe2+ 57. Ka3 Qc4 58. Kb2 Qb3+ 59. Kc1 Qxc3+ 60. Kd1 Qd3+ 61. Ke1 Qxa6 62. Qc7 Qa1+ 63. Ke2 Qb2+ 64. Kf1 Qc1+ 65. Kg2 Qd2+ 66. Kh3 Qxd5 67. Kh2 Ne4 68. Qc8 Qd2+ 69. Kh1 Qe1+ 70. Kg2 Qf2+ 71. Kh1 Ng3# 0-1

[Event "58th Akiba Rubinstein D 2022"]
[Site "Polanica-Zdroj"]
[Date "2022.08.18"]
[Round "6.15"]
[White "Rosa, Antoni"]
[Black "Pieczulis, Blazej"]
[Result "0-1"]
[ECO "A10"]
[WhiteElo "1598"]
[BlackElo "1720"]
[Annotator "NA RC"]
[PlyCount "116"]
[EventDate "2022.08.13"]
[EventCountry "POL"]
[SourceTitle "playchess.com"]
[Source "ChessBase"]
[SourceQuality "1"]
[TimeControl "40/5400+30:1800+30"]

1. c4 g6 2. Nc3 Bg7 3. g3 Nf6 4. Bg2 O-O 5. e4 e5 6. Nge2 d6 7. O-O c6 8. d3 Nh5 9. Be3 f5 10. Qd2 Na6 11. f4 Nc7 12. b4 Be6 13. c5 d5 14. exd5 Nxd5 15. Bxd5 Bxd5 16. fxe5 Bxe5 17. d4 Bc7 18. Nf4 Bc4 19. Nxh5 Bxf1 20. Bg5 Qd7 21. Nf6+ Rxf6 22. Bxf6 Bc4 23. Re1 Re8 24. Rxe8+ Qxe8 25. d5 cxd5 26. Nxd5 Qf7 27. Nxc7 Qxf6 28. Qe1 Qd4+ 29. Kg2 Bxa2 30. Qe8+ Kg7 31. Qe7+ Kh6 32. Ne8 Bd5+ 33. Kf1 Qd1+ 34. Kf2 Qf3+ 35. Ke1 Qh1+ 36. Kd2 Qxh2+ 37. Kc1 Qg1+ 38. Kd2 Qd4+ 39. Ke2 Qg4+ 40. Kf1 Qf3+ 41. Ke1 Qxg3+ 42. Kd2 Qg5+ 43. Qxg5+ Kxg5 44. Nc7 Bc6 45. b5 Bd7 46. Ke3 h5 47. Kf3 Kf6 48. Nd5+ Ke5 49. Ne7 Bxb5 50. Nxg6+ Kd4 51. Nf4 Kxc5 52. Nxh5 Bd3 53. Ke3 Be4 54. Nf4 b5 55. Kd2 a5 56. Kc3 b4+ 57. Kb3 Kb5 58. Kb2 Kc4 0-1

[Event "58th Akiba Rubinstein D 2022"]
[Site "Polanica-Zdroj"]
[Date "2022.08.18"]
[Round "6.16"]
[White "Urbanski, Wojciech"]
[Black "Serewa, Antoni"]
[Result "1-0"]
[ECO "B10"]
[WhiteElo "1632"]
[BlackElo "1542"]
[Annotator "NA RC"]
[PlyCount "111"]
[EventDate "2022.08.13"]
[EventCountry "POL"]
[SourceTitle "playchess.com"]
[Source "ChessBase"]
[SourceQuality "1"]
[TimeControl "40/5400+30:1800+30"]

1. e4 c6 2. Nf3 d5 3. Nc3 dxe4 4. Nxe4 Nf6 5. Ng3 h5 6. h3 h4 7. Ne2 Bf5 8. Nc3 e6 9. d3 Be7 10. Bg5 Nd5 11. Bxe7 Qxe7 12. Nxd5 cxd5 13. Qd2 Nc6 14. Be2 f6 15. c3 e5 16. b4 Qd7 17. a4 a6 18. Qe3 Ne7 19. Kd2 d4 20. cxd4 Nd5 21. Nxe5 Qe7 22. Nc6 bxc6 23. Qxe7+ Kxe7 24. Bf3 Nxb4 25. Rab1 a5 26. Rhc1 Rac8 27. Rc5 Rc7 28. Rxf5 Rd8 29. Rxa5 c5 30. Rxc5 Rxc5 31. dxc5 Nxd3 32. c6 Nc5+ 33. Ke3 Nxa4 34. Rb7+ Kd6 35. Rxg7 Nc5 36. Rf7 Re8+ 37. Kd4 Ne6+ 38. Kc4 Ke5 39. Kb5 Rb8+ 40. Rb7 Rc8 41. Rh7 Nd4+ 42. Kb6 Rb8+ 43. Rb7 Nxc6 44. Kxc6 Rd8 45. Rb5+ Ke6 46. Bg4+ Kf7 47. Rd5 Rb8 48. Kd6 Rb2 49. Bh5+ Kg7 50. Rf5 Rd2+ 51. Ke7 Rb2 52. Rf4 Ra2 53. Rg4+ Kh6 54. Bf7 f5 55. Rxh4+ Kg7 56. Bxa2 1-0

[Event "58th Akiba Rubinstein D 2022"]
[Site "Polanica-Zdroj"]
[Date "2022.08.18"]
[Round "6.17"]
[White "Grzelak, Piotr"]
[Black "Kopestynski, Michal"]
[Result "1/2-1/2"]
[ECO "B20"]
[WhiteElo "1684"]
[BlackElo "1554"]
[Annotator "NA RC"]
[PlyCount "25"]
[EventDate "2022.08.13"]
[EventCountry "POL"]
[SourceTitle "playchess.com"]
[Source "ChessBase"]
[SourceQuality "1"]
[TimeControl "40/5400+30:1800+30"]

1. e4 c5 2. c4 Nc6 3. Nc3 g6 4. Nge2 Bg7 5. g3 e5 6. Bg2 Nge7 7. d3 O-O 8. O-O d6 9. Nd5 Nxd5 10. exd5 Nd4 11. Nxd4 exd4 12. Re1 Bf5 13. Be4 1/2-1/2